 Dungeon Crawl Stone Soup version 0.24-a0-317-g5cb8de4 (webtiles) character file.

Game seed: 18301827812941298270

39 mhoghedin the Insei (level 3, 0/28 HPs)
             Began as a Demigod Transmuter on May 16, 2019.
             Killed from afar by an orc wizard (3 damage)
             ... with a magic dart
             ... on level 3 of the Dungeon.
             The game lasted 00:03:58 (1957 turns).

mhoghedin the Insei (Demigod Transmuter)            Turns: 1957, Time: 00:03:59

Health: 0/28       AC:  9    Str: 15    XL:     3   Next: 11%
Magic:  8/8        EV:  4    Int: 17    God:
Gold:   109        SH:  8    Dex: 16    Spells: 4/5 levels left

rFire    . . .     SeeInvis .   c - +0 dagger
rCold    + . .     Gourm    .   p - +1 shield
rNeg     + . .     Faith    .   m - +1 chain mail {rN+}
rPois    .         Spirit   .   (no helmet)
rElec    .         Reflect  .   (no cloak)
rCorr    .         Harm     .   (no gloves)
MR       .....                  (no boots)
Stlth    ..........             (no amulet)
HPRegen  0.09/turn              e - ring of protection from cold {rC+, !d}
MPRegen  0.11/turn              (no ring)

@: lethally poisoned (0 -> -1)
A: high mp 1
a: no special abilities


You were on level 3 of the Dungeon.
You were very hungry.

You visited 1 branch of the dungeon, and saw 3 of its levels.

You collected 109 gold pieces.

Inventory:

Hand Weapons
 c - a +0 dagger (weapon)
   (You took it off a goblin on level 3 of the Dungeon)
Missiles
 a - 86 arrows
Armour
 m - a +1 chain mail of positive energy (worn)
   (You found it on level 1 of the Dungeon)
 p - a +1 shield (worn)
   (You took it off a kobold on level 2 of the Dungeon)
Jewellery
 e - a ring of protection from cold (left hand) {rC+, !d}
   (You found it on level 2 of the Dungeon)
Scrolls
 b - a scroll of identify
 j - a scroll of remove curse
 l - a scroll of enchant weapon {unknown}
Potions
 g - a potion of magic {unknown}
 h - a potion of haste {unknown}
 i - a potion of mutation {!q}
Comestibles
 d - 3 rations


   Skills:
 + Level 1.0 Fighting
 + Level 0.2 Armour
 + Level 1.8 Dodging
 + Level 0.3 Shields
 + Level 3.7 Unarmed Combat
 - Level 1.7 Spellcasting
 - Level 1.7 Transmutations


You had 4 spell levels left.
You knew the following spells:

 Your Spells              Type           Power        Failure   Level  Hunger
a - Beastly Appendage     Tmut           #.....       100%        1    #......

Your spell library contained the following spells:

 Spells                   Type           Power        Failure   Level  Hunger
 Sticks to Snakes         Tmut           #.......     100%        2    ###....
 Spider Form              Tmut/Pois      #.........   100%        3    ###....
 Ice Form                 Ice/Tmut       #.......     100%        4    #####..
 Blade Hands              Tmut           #.........   100%        5    ######.


Dungeon Overview and Level Annotations

Branches:
Dungeon (3/15)


Innate Abilities, Weirdness & Mutations

You have an increased reservoir of magic. (+10% MP)


Message History

You hit the bat. The bat hits you but does no damage.
You block the bat's attack. The bat hits you but does no damage.
You closely miss the bat. You block the bat's attack.
The bat barely misses you.
You closely miss the bat. The bat hits you but does no damage.
You hit the bat. The bat hits you but does no damage.
You hit the bat but do no damage. You block the bat's attack.
The bat hits you but does no damage. You block the bat's attack.
The bat hits you but does no damage.
The bat is sucked into a shaft!
The shaft crumbles and collapses.
No target in view!
No target in view!
No target in view!
No target in view!
No target in view!
No target in view!
No target in view!
No target in view!
No target in view!
No target in view!
No target in view!
No target in view!
No target in view!
No target in view!
No target in view!
No target in view!
No target in view!
A frilled lizard comes into view.
The frilled lizard hisses angrily.
You block the frilled lizard's attack.
You hit the frilled lizard.
You kill the frilled lizard!
No target in view!
No target in view!
No target in view!
No target in view!
No target in view!
No target in view!
A goblin, an orc and an orc wizard come into view.
The orc shouts!
The orc wizard shouts!
The goblin shouts!
You hear a shout!
An orc comes into view. It is wielding a +0 whip.
A kobold comes into view. It is wielding a +0 dagger.
The goblin moves out of view.
Found a bloodstained altar of Trog and a snail-covered altar of Cheibriados.
An orc comes into view. It is wielding a +0 morningstar.
The orc shouts!
The kobold shouts!
The kobold throws a poisoned dart.
The poisoned dart hits you.
You are poisoned.
The orc wizard casts a spell at you. The magic dart hits you.
You see here a poisoned dart.
You take 2 damage, and have 26/28 hp.
You feel sick.
The kobold throws a poisoned dart.
You block the poisoned dart. The orc wizard casts a spell at you.
The magic dart hits you.
You see here a poisoned dart.
You take 3 damage, and have 23/28 hp.
You feel sick.
The orc wizard points at you and mumbles some strange words.
The puff of flame hits you but does no damage.
You take 1 damage, and have 22/28 hp.
You feel sick.
You take 1 damage, and have 21/28 hp.
Throwing (i - inventory)
f - 5 poisoned darts (quivered)
Aim: an orc wizard, wielding a +0 dagger and wearing a +0 robe You throw a poisoned dart.
The poisoned dart misses the orc wizard.
Throwing (i - inventory)
f - 4 poisoned darts (quivered)
Aim: an orc wizard, wielding a +0 dagger and wearing a +0 robe You throw a poisoned dart.
The poisoned dart hits the orc wizard.
The orc wizard casts a spell at you. The puff of flame hits you.
You take 5 damage, and have 16/28 hp.
Throwing (i - inventory)
f - 3 poisoned darts (quivered)
Aim: an orc wizard, wielding a +0 dagger and wearing a +0 robe You throw a poisoned dart.
The poisoned dart hits the orc wizard.
You feel sick. The orc wizard casts a spell at you. The puff of flame hits you.
You take 4 damage, and have 12/28 hp.
Throwing (i - inventory)
f - 2 poisoned darts (quivered)
Aim: an orc wizard, wielding a +0 dagger and wearing a +0 robe You throw a poisoned dart.
The poisoned dart closely misses the orc wizard.
The poisoned dart closely misses the orc.
The poisoned dart hits the kobold.
Throwing (i - inventory)
f - a poisoned dart (quivered)
Aim: an orc wizard, wielding a +0 dagger and wearing a +0 robe You throw a poisoned dart.
The poisoned dart hits the orc wizard.
The orc wizard is poisoned.
You block the orc wizard's attack.
You barely miss the orc wizard. The orc wizard casts a spell at you.
The puff of flame hits you!
* * * LOW HITPOINT WARNING * * *
You take 8 damage, and have 4/28 hp.
MASSIVE DAMAGE!!
You closely miss the orc wizard.
You feel sick.
The orc wizard points at you and mumbles some strange words.
The magic dart hits you.
You die...

# #.# #.. #######
#>.# ##.....##
#...# ##..###..##
#.. #..##_##..#
##. #.##...##.# #.
#@# .K.⌠#.# #. #o#
... #.# ####. #o#
#.###.####....
#K#♣#.##....##....
#og.o.♣#..........
###♣#(##....######
#.##....#####.
goo##.........
⌠.o.⌠#...#####.


You could see an orc wizard, 2 orcs, a goblin and a kobold.

Vanquished Creatures
  An adder (D:2)
  3 leopard geckos (D:2)
  A ball python (D:2)
  2 giant cockroaches (D:2)
  4 goblins
  3 hobgoblins
  3 kobolds
  4 frilled lizards
  5 rats
26 creatures vanquished.

Notes
Turn   | Place    | Note
-------+----------+-------------------------------------------
     0 | D:1      | mhoghedin the Demigod Transmuter began the quest for the
                  | Orb.
     0 | D:1      | Reached XP level 1. HP: 15/15 MP: 5/5
   307 | D:1      | Reached skill level 3 in Unarmed Combat
  1054 | D:2      | Reached XP level 2. HP: 22/22 MP: 7/7
  1379 | D:2      | Reached skill level 1 in Fighting
  1400 | D:2      | Reached XP level 3. HP: 25/28 MP: 8/8
  1553 | D:2      | HP: 7/28 [poisoned by an adder]
  1561 | D:2      | HP: 6/28 [poisoned by an adder]
  1836 | D:3      | Found an opulent altar of Gozag.
  1942 | D:3      | Found a bloodstained altar of Trog.
  1942 | D:3      | Found a snail-covered altar of Cheibriados.
  1956 | D:3      | HP: 4/28 [orc wizard/puff of flame (9)]
  1957 | D:3      | Killed from afar by an orc wizard

Levels and vault maps discovered:
D:1:      dpeg_arrival_arbitrary_c, layout_basic, minivault_25
D:2:      layout_basic, kennysheep_boxes
D:3:      layout_rooms, amethyst_overflow_temple_binary, grunt_gozag_statues

Skill      XL: |  1  2 |
---------------+-------+-----
Unarmed Combat | 3 |  3.7
Fighting       | 1 |  1.0
Armour         | |  0.2
Dodging        | |  1.8
Shields        | |  0.3
Spellcasting   | |  1.7
Transmutations | |  1.7

Action                   || total
-------------------------++-------
Melee: Dagger            ||    57
       Unarmed           ||    54
       Kick              ||     4
       Headbutt          ||     3
Throw: Dart              ||     5
 Cast: Beastly Appendage ||     6
  Use: Scroll            ||     7
       Potion            ||     3
  Eat: Chunk             ||     2
Armor: Chain mail        ||    62
       Robe              ||     2
Dodge: Dodged            ||    32
Block: Shield            ||    24

Table legend:
 A = Non-vault XP
 B = Vault XP
 C = Vault XP percentage of total XP
 D = Non-vault monster count
 E = Vault monster count
 F = Vault count percentage of total count
                 A         B        C        D         E       F
            +---------+---------+-------+---------+---------+-------
      Total |      56 |       0 |   0.0 |      26 |       0 |   0.0
            +---------+---------+-------+---------+---------+-------
        D:1 |      14 |       0 |   0.0 |       9 |       0 |   0.0
        D:2 |      39 |       0 |   0.0 |      15 |       0 |   0.0
        D:3 |       3 |       0 |   0.0 |       2 |       0 |   0.0
            +---------+---------+-------+---------+---------+-------

Levels and vault maps discovered:
D:1:      dpeg_arrival_arbitrary_c, layout_basic, minivault_25
D:2:      layout_basic, kennysheep_boxes
D:3:      layout_rooms, amethyst_overflow_temple_binary, grunt_gozag_statues

Table legend:
 A = Turns spent in this place as a percentage of turns spent in the entire game.
 B = Non-inter-level travel turns spent in this place as a percentage of non-inter-level travel turns spent in the entire game.
 C = Inter-level travel turns spent in this place as a percentage of turns spent in this place.
 D = Turns resting spent in this place as a percentage of non-inter-level travel turns spent in this place.
 E = Turns spent auto-exploring this place as a percentage of non-inter-level travel turns spent in this place.
 F = Non-inter-level travel turns spent in this place divided by the number of levels of this place that you've seen.
                   A       B       C       D       E      F
               +-------+-------+-------+-------+-------+----------------------
         Total | 100.0 | 100.0 |   3.3 |  36.4 |  43.4 | 630.7
       Dungeon | 100.0 | 100.0 |   3.3 |  36.4 |  43.4 | 630.7
               +-------+-------+-------+-------+-------+----------------------

Table legend:
 A = Kills in this place as a percentage of kills in entire the game.
 B = Kills by you in this place as a percentage of kills by you in the entire game.
 C = Kills by friends in this place as a percentage of kills by friends in the entire game.
 D = Other kills in this place as a percentage of other kills in the entire game.
 E = Experience gained in this place as a percentage of experience gained in the entire game.
 F = Experience gained in this place divided by the number of levels of this place that you have seen.
                   A       B       C       D       E      F
               +-------+-------+-------+-------+-------+----------------------
         Total | 100.0 | 100.0 |   N/A |   N/A | 100.0 |  18.7
       Dungeon | 100.0 | 100.0 |   N/A |   N/A | 100.0 |  18.7
               +-------+-------+-------+-------+-------+----------------------
